 Dungeon Crawl Stone Soup version 0.31.0-1-g2c135a008e (webtiles) character file.

Game seed: 4837542896927918878

2692 qw the Skirmisher (level 9, 0/66 HPs)
             Began as a Djinni Hunter on Jan 23, 2024.
             Slain by Joseph
             ... wielding a +0 quarterstaff
              (10 damage)
             ... on level 7 of the Dungeon.
             The game lasted 00:00:27 (5666 turns).

qw the Skirmisher (Djinni Hunter)                   Turns: 5666, Time: 00:00:28

Health: 0/66       AC:  8    Str: 10    XL:     9   Next: 96%
Gold:   218        EV: 17    Int: 11    God:
                   SH:  0    Dex: 23

rFire   + + +        d - +0 orcbow
rCold   x . .        (shield currently unavailable)
rNeg    . . .        o - +0 troll leather armour
rPois   inf          (no helmet)
rElec   .            i - +0 cloak of the Butterfly {Rampage Dex+2}
rCorr   .            (no gloves)
SInv    .            (boots unavailable)
Will    .....        c - amulet of regeneration
Stlth   ++           j - ring of protection from fire
HPRegen 1.91/turn    m - +4 ring of protection
MPRegen 0.00/turn

%: rampage, infuse magic (-1 HP)
@: flying
A: sickness immunity, fire resistance 2, cold vulnerability 1, float, innate
caster, HP casting, extra vitality 1
a: no special abilities


You were on level 7 of the Dungeon.
You visited 2 branches of the dungeon, and saw 8 of its levels.

You collected 375 gold pieces.
You spent 157 gold pieces at shops.


Innate Abilities, Weirdness & Mutations

You are immune to sickness and miasma.
You are immune to poison.
Your flesh is very heat resistant. (rF++)
You are vulnerable to cold. (rC-)
You float through the air rather than walking.
You learn spells naturally, not from books.
Your magical power is your life essence.
You have superior vitality. (+4 MHP)


   Skills:
 - Level 6.0 Fighting
 + Level 8.0 Ranged Weapons
 - Level 4.1 Armour
 - Level 7.2 Dodging
 - Level 0.7 Stealth


You knew the following spells:

 Your Spells              Type           Power      Damage    Failure   Level
a - Magic Dart            Conj           0%         1d3       43%         1
b - Lesser Beckoning      Tloc           0%         N/A       56%         2
c - Vampiric Draining     Necr           0%         2d6       80%         3
d - Dazzling Flash        Conj/Hex       0%         N/A       80%         3
Your spell library was empty.

Inventory:

Hand Weapons
 d - a +0 orcbow (weapon)
Armour
 i - the +0 cloak of the Butterfly (worn) {Rampage Dex+2}
   (You bought it in a shop on level 4 of the Dungeon)

   Dex+2:     It affects your dexterity (+2).
   Rampage:   It bestows one free step when moving towards enemies.
 o - a +0 troll leather armour (worn)
Jewellery
 c - an amulet of regeneration (around neck)
 e - a ring of fire
 j - a ring of protection from fire (left hand)
 m - a +4 ring of protection (right hand)
Wands
 h - a wand of polymorph (13)
Potions
 f - 3 potions of haste
 g - 4 potions of curing
 l - a potion of enlightenment

Dungeon Overview and Level Annotations

Branches:
Dungeon (7/15)             Temple (1/1) D:6

Altars:
Ashenzari
Cheibriados
Dithmenos
Elyvilon
Fedhas
Gozag
Hepliaklqana
Makhleb
Nemelex Xobeh
Qazlal
Ru
Trog
Wu Jian
Xom
Yredelemnul
Zin
The Shining One

Shops:
D:4 [

Annotations:
D:7 Joseph


Message History

Joseph wields a +0 quarterstaff.
Joseph misses you. The orc hits you but does no damage.
You shoot an arrow. The arrow barely misses the ogre.
Joseph says, "You will never get the ORB, sorry."
Joseph hits you but does no damage. The ogre closely misses you.
The orc barely misses you.
You shoot an arrow. The arrow hits the ogre!
You kill the ogre!
Joseph hits you with a +0 quarterstaff. The orc completely misses you.
Your Dodging skill increases to level 7!
You shoot an arrow. The arrow hits Joseph.
Joseph is lightly wounded.
Joseph misses you. The orc barely misses you.
Joseph hits you with a +0 quarterstaff!
You shoot an arrow. The arrow barely misses Joseph.
The orc hits you with a +0 short sword. Joseph hits you with a +0 quarterstaff!
You shoot an arrow.
The arrow hits Joseph but does no damage.
Joseph is lightly wounded.
The orc misses you. Joseph hits you with a +0 quarterstaff.
You shoot an arrow. The arrow hits Joseph.
Joseph is lightly wounded.
The orc misses you. Joseph misses you.
You shoot an arrow. The arrow hits Joseph!
Joseph is moderately wounded.
The orc hits you with a +0 short sword. Joseph hits you with a +0 quarterstaff.
The orc hits you but does no damage.
You shoot an arrow. The arrow hits Joseph.
Joseph is moderately wounded.
Joseph misses you. The orc closely misses you.
You shoot an arrow. The arrow hits Joseph.
Joseph is moderately wounded.
Joseph hits you with a +0 quarterstaff! The orc hits you but does no damage.
You shoot an arrow. The arrow hits Joseph.
Joseph is moderately wounded.
Joseph misses you. The orc hits you but does no damage.
Joseph closely misses you.
You shoot an arrow. The arrow barely misses Joseph.
The orc closely misses you. Joseph hits you with a +0 quarterstaff!
You die...

#....##.....##...#
#....##.....######
#....##.....##...#
#...........#....#
+...........'....#
#...........#######
#...........# ....#
#######'#.....#
......@@......#
......o)......#
..............#
..............#
...).)........#
#.............#
#.............#
+........######


You could see Joseph and an orc.

Vanquished Creatures
  A gargoyle (D:6)
  A troll (D:6)
  Grinder (D:3)
  Sigmund (D:3)
  Eustachio (D:5)
  Menkaure (D:6)
  Edmund (D:5)
  2 ogres
  2 phantoms
  A bullfrog (D:7)
  4 scorpions
  2 howler monkeys
  A crimson imp (D:5)
  3 bombardier beetles
  2 hounds
  3 jellies
  2 orc priests
  A scorpion zombie (D:4)
  Ijyb (D:5)
  4 iguanas
  2 orc wizards (D:7)
  2 hound zombies (D:4)
  11 adders
  2 adder zombies (D:4)
  4 dart slugs
  2 ribbon worms (D:2)
  22 orcs
  6 bats
  10 endoplasms
  7 giant cockroaches
  5 goblins
  9 hobgoblins
  9 jackals (D:2)
  6 kobolds
  3 quokkas
  7 ball pythons
  3 frilled lizards
  7 rats
152 creatures vanquished.

Notes
Turn   | Place    | Note
-------+----------+-------------------------------------------
     0 | D:1      | qw the Djinni Hunter began the quest for the Orb.
     0 | D:1      | Reached XP level 1. HP: 18/18 MP: 0/0
     0 | D:1      | 0 ||| qw: Version: 0.3-a-135-gb77e89d
     0 | D:1      | 0 ||| qw: Game counter: 926
     0 | D:1      | 0 ||| qw: Melee chars always use a shield: true
     0 | D:1      | 0 ||| qw: God list: Okawaru
     0 | D:1      | 0 ||| qw: Allow faded altars: false
     0 | D:1      | 0 ||| qw: Do Orc after clearing Dungeon:15 true
     0 | D:1      | 0 ||| qw: Do second Lair branch before Depths: true
     0 | D:1      | 0 ||| qw: Lair rune preference: random
     0 | D:1      | 0 ||| qw: Goals: Normal
     0 | D:1      | 0 ||| PLANNING D:1-11
    79 | D:1      | You are sucked into a shaft and drop 1 floor!
    97 | D:2      | Reached XP level 2. HP: 23/23 MP: 0/0
   251 | D:2      | Reached skill level 4 in Ranged Weapons
   251 | D:2      | Reached XP level 3. HP: 24/28 MP: 0/0
   251 | D:2      | Learned a level 1 spell: Magic Dart
   285 | D:2      | 285 ||| RETREEEEATING.
   438 | D:2      | 438 ||| DROPPING scroll of butterflies.
   451 | D:1      | Reached XP level 4. HP: 34/34 MP: 0/0
   520 | D:1      | Reached skill level 3 in Fighting
  1135 | D:1      | 1135 ||| READING scroll labelled EDIOC UNIM.
  1135 | D:1      | 1135 ||| IDENTIFYING viscous green potion
  1136 | D:1      | 1136 ||| READING 3 scrolls labelled FAMMOIP LIER.
  1137 | D:1      | 1137 ||| READING scroll labelled GEORITEUMATO.
  1138 | D:1      | 1138 ||| READING scroll labelled SYDARPH DUYPT.
  1139 | D:1      | 1139 ||| DRINKING 3 smoky pink potions.
  1140 | D:1      | 1140 ||| DROPPING potion of degeneration.
  1141 | D:1      | 1141 ||| DROPPING 2 scrolls of poison.
  1265 | D:2      | Reached skill level 3 in Dodging
  1411 | D:2      | Reached XP level 5. HP: 37/40 MP: 0/0
  1411 | D:2      | Learned a level 2 spell: Lesser Beckoning
  1773 | D:2      | 1773 ||| UPGRADING to +0 ring mail.
  1783 | D:2      | 1783 ||| DROPPING +0 leather armour.
  1834 | D:3      | Found a hazy altar of Hepliaklqana.
  1895 | D:3      | Noticed Grinder
  1900 | D:3      | Paralysed by Grinder for 5 turns
  1923 | D:3      | HP: 9/40 [Grinder (9)]
  1926 | D:3      | HP: 4/40 [Grinder/nerve-wracking pain (2)]
  1931 | D:3      | Killed Grinder
  1932 | D:3      | Reached XP level 6. HP: 7/46 MP: 0/0
  2109 | D:3      | Reached XP level 7. HP: 27/50 MP: 0/0
  2109 | D:3      | Learned a level 3 spell: Vampiric Draining
  2223 | D:3      | Noticed Sigmund
  2243 | D:3      | 2243 ||| DRINKING silvery potion.
  2244 | D:3      | 2244 ||| DRINKING brown potion.
  2249 | D:3      | HP: 7/50 [Sigmund/magic dart (8)]
  2251 | D:3      | Killed Sigmund
  2252 | D:3      | Reached skill level 5 in Ranged Weapons
  2494 | D:3      | Found a sacrificial altar of Ru.
  2495 | D:3      | Found an ornate altar of the Wu Jian Council.
  2578 | D:3      | Found a broken altar of Ashenzari.
  2907 | D:3      | 2907 ||| UPGRADING to amulet of regeneration.
  2912 | D:3      | 2912 ||| UPGRADING to ring of protection from fire.
  2913 | D:3      | 2913 ||| READING 4 scrolls of identify.
  2913 | D:3      | 2913 ||| IDENTIFYING clear potion
  2914 | D:3      | 2914 ||| READING 3 scrolls of identify.
  2914 | D:3      | 2914 ||| IDENTIFYING 3 murky emerald potions
  2915 | D:3      | 2915 ||| READING 2 scrolls of identify.
  2915 | D:3      | 2915 ||| IDENTIFYING scroll labelled SAQIGR RAPE
  2916 | D:3      | 2916 ||| READING scroll of identify.
  2916 | D:3      | 2916 ||| IDENTIFYING scroll labelled MOSAJOPNAR
  2917 | D:3      | 2917 ||| DROPPING scroll of amnesia.
  2918 | D:3      | 2918 ||| DROPPING scroll of vulnerability.
  2946 | D:4      | Found a white marble altar of Elyvilon.
  3020 | D:4      | 3020 ||| SWAPPING to +0 orcbow.
  3029 | D:4      | 3029 ||| DROPPING +0 shortbow.
  3034 | D:4      | Found a basalt altar of Yredelemnul.
  3079 | D:4      | Found a snail-covered altar of Cheibriados.
  3330 | D:4      | Reached XP level 8. HP: 42/58 MP: 0/0
  3453 | D:4      | Reached skill level 6 in Ranged Weapons
  3637 | D:4      | Found Tarch's Armour Shoppe.
  3641 | D:4      | 3641 ||| BUYING +0 cloak of the Butterfly {Rampage Dex+2}
                  | (157 gold).
  3641 | D:4      | Bought the +0 cloak of the Butterfly {Rampage Dex+2} for
                  | 157 gold pieces
  3641 | D:4      | 3641 ||| SHOPLISTING +1 helmet "Fugeler" {^Contam Regen+
                  | Int+3} (172 gold, have 66).
  3641 | D:4      | 3641 ||| SHOPLISTING +2 ring mail of fire resistance (210
                  | gold, have 66).
  3856 | D:4      | 3856 ||| UPGRADING to +0 cloak of the Butterfly {Rampage
                  | Dex+2}.
  3861 | D:4      | 3861 ||| READING scroll labelled PETUWO NATAI.
  3862 | D:4      | 3862 ||| DRINKING 2 smoky cyan potions.
  3863 | D:4      | 3863 ||| DROPPING potion of magic.
  3878 | D:5      | Entered Level 5 of the Dungeon
  3921 | D:5      | Noticed Eustachio
  3925 | D:5      | 3925 ||| RETREEEEATING.
  3947 | D:5      | Killed Eustachio
  3993 | D:5      | Noticed Edmund
  4004 | D:5      | Killed Edmund
  4005 | D:5      | Reached skill level 7 in Ranged Weapons
  4258 | D:5      | Found a blossoming altar of Fedhas.
  4347 | D:5      | Reached XP level 9. HP: 64/65 MP: 0/0
  4347 | D:5      | Learned a level 3 spell: Dazzling Flash
  4357 | D:5      | Noticed Ijyb
  4361 | D:5      | Killed Ijyb
  4380 | D:5      | Found a burning altar of Makhleb.
  4380 | D:5      | Found a shimmering altar of Xom.
  4835 | D:5      | 4835 ||| READING scroll of identify.
  4835 | D:5      | 4835 ||| IDENTIFYING 2 emerald potions
  4836 | D:5      | 4836 ||| DRINKING 2 inky potions.
  4837 | D:5      | 4837 ||| DROPPING 2 potions of brilliance.
  4838 | D:5      | 4838 ||| DROPPING wand of flame (20).
  4879 | D:6      | Found a staircase to the Ecumenical Temple.
  4881 | D:6      | 4881 ||| PLANNING TEMPLE
  4881 | D:6      | Noticed Menkaure
  4886 | D:6      | Killed Menkaure
  4894 | Temple   | Entered the Ecumenical Temple
  4895 | Temple   | 4895 ||| PLANNING D:1-11
  4939 | D:6      | Found an opulent altar of Gozag.
  4941 | D:6      | 4941 ||| READING 3 scrolls labelled YSHEGH SORRI.
  4942 | D:6      | 4942 ||| DROPPING 2 scrolls of fear.
  4971 | D:6      | 4971 ||| READING scroll labelled WIJUYMI ZUXO.
  5030 | D:6      | Reached skill level 8 in Ranged Weapons
  5142 | D:6      | Noticed a troll
  5147 | D:6      | Killed a troll
  5148 | D:6      | Reached skill level 6 in Fighting
  5359 | D:6      | Noticed a gargoyle
  5379 | D:6      | Killed a gargoyle
  5380 | D:6      | Reached skill level 6 in Dodging
  5477 | D:6      | Found a stormy altar of Qazlal.
  5570 | D:6      | 5570 ||| UPGRADING to +0 troll leather armour.
  5580 | D:6      | 5580 ||| DROPPING +0 ring mail.
  5581 | D:6      | 5581 ||| UPGRADING to +4 ring of protection.
  5582 | D:6      | 5582 ||| READING scroll of identify.
  5582 | D:6      | 5582 ||| IDENTIFYING murky coppery potion
  5583 | D:6      | 5583 ||| DROPPING potion of berserk rage.
  5633 | D:7      | Noticed Joseph
  5649 | D:7      | HP: 15/66 [Joseph/sling bullet (17)]
  5650 | D:7      | 5650 ||| DRINKING potion of heal wounds.
  5659 | D:7      | HP: 8/66 [Joseph/+0 quarterstaff (11)]
  5664 | D:7      | HP: 6/66 [Joseph/+0 quarterstaff (7)]
  5666 | D:7      | Slain by Joseph

Levels and vault maps discovered:
D:1:      onia_arrival_mini_maze, layout_loops_ring
D:2:      layout_basic, minmay_surrounded
D:3:      minmay_spotlight, layout_rooms, mainiacjoe_overflow_boulevard,
          led_sif_pool, overflow_temple_1_default,
          gammafunk_temple_overflow_statue, minmay_starry_boxes, uniq_grinder,
          uniq_sigmund
D:4:      layout_loops_corners, mainiacjoe_overflow_small_starburst,
          nicolae_yredelemnul_corpse_copse, mainiacjoe_overflow_alcove_2,
          serial_shops, shop, palyth_stone_intersect, kennysheep_generic_room_7
D:5:      layout_loops_corners, grunt_temple_overflow_champion_of_chaos,
          overflow_temple_1_default, uniq_eustachio, uniq_edmund, uniq_ijyb
D:6:      layout_loops_cross, amcnicky_altar_gilded,
          mainiacjoe_overflow_alcove_4, minmay_temple_entry_statues_pillars,
          serial_glass, glass_columns_b, glass_columns_a, due_unseen_surprise,
          feat_on_display, uniq_menkaure
D:7:      layout_gridville, kennysheep_mini_moat, okawaru_altar_gauntlet_db,
          lemuel_crystal_altar, uniq_duvessa, uniq_joseph, uniq_jeremiah,
          uniq_maggie
Temple:   nicolae_temple_stand_before_the_council

Skill      XL: |  1  2  3  4  5  6  7  8  9 |
---------------+----------------------------+-----
Ranged Weapons | 4 5 7 8 |  8.0
Fighting       | 3 4 5 6 |  6.0
Dodging        | 3 4 7 |  7.2
Armour         | 4 |  4.1
Stealth        | |  0.7

Action                     |  1- 3 |  4- 6 |  7- 9 || total
---------------------------+-------+-------+-------++-------
   Fire: Shortbow          |    67 |   152 |    81 ||   300
         Orcbow            |       |       |   326 ||   326
    Use: Scroll            |       |     4 |     9 ||    13
         Potion            |       |     1 |     5 ||     6
 Armour: Leather armour    |    20 |    20 |       ||    40
         Ring mail         |       |    10 |   195 ||   205
         Troll leather arm |       |       |    33 ||    33
  Dodge: Dodged            |    28 |    33 |   184 ||   245

Table legend:
 A = Non-vault XP
 B = Vault XP
 C = Vault XP percentage of total XP
 D = Non-vault monster count
 E = Vault monster count
 F = Vault count percentage of total count
                 A         B        C        D         E       F
            +---------+---------+-------+---------+---------+-------
      Total |    2548 |    1299 |  33.8 |     122 |      30 |  19.7
            +---------+---------+-------+---------+---------+-------
        D:1 |      34 |       2 |   5.6 |      18 |       2 |  10.0
        D:2 |     105 |      20 |  16.0 |      30 |       5 |  14.3
        D:3 |      73 |     556 |  88.4 |      16 |      11 |  40.7
        D:4 |     411 |     100 |  19.6 |      21 |       7 |  25.0
        D:5 |     632 |     456 |  41.9 |      16 |       4 |  20.0
        D:6 |    1014 |     165 |  14.0 |      15 |       1 |   6.2
        D:7 |     279 |       0 |   0.0 |       6 |       0 |   0.0
            +---------+---------+-------+---------+---------+-------
